 Dungeon Crawl Stone Soup version 0.22.0 (webtiles) character file.

144850 Rathner the Imperceptible (level 17, -7/97 HPs)
             Began as a Vine Stalker Fighter on Aug 10, 2018.
             Was a Follower of Uskayaw.
             Killed from afar by a yellow draconian (11 damage)
             ... with a glob of acid
             ... on level 5 of the Abyss.
             The game lasted 02:12:27 (25714 turns).

Rathner the Imperceptible (Vine Stalker Fighter)   Turns: 25714, Time: 02:12:27

Health: -7/97      AC: 16    Str: 31    XL:     17   Next: 40%
Magic:  0/35       EV: 16    Int:  9    God:    Uskayaw [*.....]
Gold:   2712       SH: 21    Dex: 25    Spells: 16/16 levels left

rFire    + . .     SeeInvis +   B - +8 short sword (speed)
rCold    + . .     Gourm    .   m - +2 large shield
rNeg     + + .     Faith    .   g - +5 plate armour {rPois}
rPois    +         Spirit   +   p - +2 hat
rElec    .         Reflect  .   W - +0 cloak of Deroutt {rPois rF+ Str+3}
rCorr    .         Harm     .   z - +1 pair of gloves
MR       ++...                  c - +0 pair of boots {Fly}
Stlth    +++++++...             P - amulet of Fomajosi {RegenMP rC+ rN+ MP+9 SInv}
HPRegen  1.06/turn              a - ring of Lies {rN+ EV+5 Dex+4}
MPRegen  0.49/turn              M - ring "Jairr" {*Contam +Inv rPois SInv Stlth+}

@: mighty, agile, corroded, slightly contaminated, studying Short Blades
A: fangs 3, regeneration 2, robust 1, magic shield, antimagic bite, no potion
heal 3, rot immunity, sturdy frame 1
a: Stomp, Renounce Religion, Evoke Invisibility, Evoke Flight


You were on level 5 of the Abyss.
You worshipped Uskayaw.
Uskayaw was aware of your devotion.
You were not hungry.

You visited 5 branches of the dungeon, and saw 27 of its levels.
You visited the Abyss 1 time.
You also visited: Ice Cave and Volcano.

You collected 3372 gold pieces.
You spent 660 gold pieces at shops.

Inventory:

Hand Weapons
 B - a +8 short sword of speed (weapon)
Missiles
 h - 15 javelins
 O - 5 poisoned tomahawks (quivered)
Armour
 c - a +0 pair of boots of flying (worn)
 g - a +5 plate armour of poison resistance (worn)
 m - a +2 large shield (worn)
 p - a +2 hat (worn)
 v - a +4 plate armour
 z - a +1 pair of gloves (worn)
 W - the +0 cloak of Deroutt (worn) {rPois rF+ Str+3}
   (You bought it in a shop on level 3 of the Snake Pit)

   It affects your strength (+3).
   It protects you from fire.
   It protects you from poison.
Jewellery
 a - the ring of Lies (left hand) {rN+ EV+5 Dex+4}
   (You acquired it on level 12 of the Dungeon)

   [ring of evasion]

   It affects your evasion (+5).
   It affects your dexterity (+4).
   It protects you from negative energy.
 t - a +4 ring of evasion
 M - the ring "Jairr" (right hand) {*Contam +Inv rPois SInv Stlth+}
   (You found it on level 3 of the Lair of Beasts)

   [ring of poison resistance]

   It protects you from poison.
   It lets you see invisible.
   It lets you turn invisible.
   It causes magical contamination when unequipped.
   It makes you more stealthy.
 P - the amulet of Fomajosi (around neck) {RegenMP rC+ rN+ MP+9 SInv}
   (You found it on level 4 of the Lair of Beasts)

   [amulet of magic regeneration]

   It increases your magic regeneration.
   It protects you from cold.
   It protects you from negative energy.
   It affects your magic capacity (+9).
   It lets you see invisible.
Wands
 i - a wand of iceblast (21)
 n - a wand of disintegration (12)
 D - a wand of enslavement (48)
 E - a wand of scattershot (14)
 H - a wand of acid (45)
 J - a wand of paralysis (20)
 Q - a wand of clouds (5)
 R - a wand of digging (16)
 U - a wand of flame (29)
Scrolls
 b - 4 scrolls of vulnerability {unknown}
 e - 13 scrolls of remove curse
 l - 4 scrolls of magic mapping
 u - 2 scrolls of fog {unknown}
 F - a scroll of holy word
 G - 5 scrolls of amnesia
 N - 15 scrolls of teleportation
 Y - a scroll of fear
 Z - a scroll of blinking {unknown}
Potions
 j - 2 potions of invisibility {unknown}
 k - a potion of magic {unknown}
 o - 5 potions of lignification
 q - 5 potions of brilliance
 r - 3 potions of flight
 s - 9 potions of curing
 w - 3 potions of haste
 x - a potion of mutation
 A - 2 potions of ambrosia {unknown}
 C - 2 potions of resistance
 K - 2 potions of experience {unknown}
 L - a potion of cancellation {unknown}
 V - a potion of berserk rage
Books
 T - a manual of Short Blades
Miscellaneous
 X - a lightning rod (4/4)
Comestibles
 f - 32 rations


   Skills:
 - Level 10.1 Fighting
 - Level 12.0 Short Blades
 - Level 1.7 Throwing
 - Level 5.6 Armour
 - Level 1.5 Dodging
 * Level 24.9 Stealth
 - Level 7.2 Shields
 - Level 11.0 Invocations


You had 16 spell levels left.
You didn't know any spells.
Your spell library contained the following spells:

 Spells                   Type           Power        Failure   Level  Hunger
 Cause Fear               Hex            #.........   100%        4    #####..
 Magic Dart               Conj           #...         100%        1    ##.....
 Fireball                 Conj/Fire      #.........   100%        5    ######.
 Conjure Flame            Conj/Fire      #.......     100%        3    ####...
 Bolt of Fire             Conj/Fire      #.........   100%        6    #######
 Slow                     Hex            #.......     100%        2    ###....
 Confuse                  Hex            #.......     100%        3    ####...
 Controlled Blink         Tloc           N/A          100%        8    #######
 Mephitic Cloud           Conj/Pois/Air  #.......     100%        3    ####...
 Ring of Flames           Chrm/Fire      #.........   100%        7    #######
 Summon Small Mammal      Summ           #...         100%        1    ##.....
 Blink                    Tloc           N/A          100%        2    ###....
 Animate Dead             Necr           N/A          100%        4    #####..
 Pain                     Necr           #...         100%        1    ##.....
 Animate Skeleton         Necr           N/A          100%        1    ##.....
 Vampiric Draining        Necr           #.........   100%        3    ####...
 Summon Ice Beast         Ice/Summ       #.......     100%        4    #####..
 Call Imp                 Summ           #.......     100%        2    ###....
 Regeneration             Chrm/Necr      #.........   100%        3    ####...
 Sublimation of Blood     Necr           #.........   100%        2    ###....
 Tukima's Dance           Hex            #.......     100%        3    ####...
 Spider Form              Tmut/Pois      #.........   100%        3    ####...
 Blade Hands              Tmut           #.........   100%        5    ######.
 Statue Form              Tmut/Erth      #........    100%        6    #######
 Ice Form                 Ice/Tmut       #.......     100%        4    #####..
 Dragon Form              Tmut           #.........   100%        7    #######
 Ignite Poison            Fire/Tmut/Pois #.......     100%        3    ####...
 Sticks to Snakes         Tmut           #.......     100%        2    ###....
 Call Canine Familiar     Summ           #.......     100%        3    ####...
 Ensorcelled Hibernation  Hex/Ice        #.....       100%        2    ###....
 Dispersal                Tloc           #.........   100%        6    #######
 Corona                   Hex            #......      100%        1    ##.....
 Alistair's Intoxication  Tmut/Pois      #.......     100%        5    ######.
 Portal Projectile        Hex/Tloc       #.....       100%        3    ####...
 Petrify                  Tmut/Erth      #.......     100%        4    #####..
 Leda's Liquefaction      Hex/Erth       #.........   100%        4    #####..
 Shroud of Golubria       Chrm/Tloc      #.........   100%        2    ###....
 Inner Flame              Hex/Fire       #.......     100%        3    ####...
 Beastly Appendage        Tmut           #.....       100%        1    ##.....
 Disjunction              Tloc           #.........   100%        8    #######
 Dazzling Spray           Conj/Hex       #.....       100%        3    ####...
 Force Lance              Conj/Tloc      #.......     100%        4    #####..
 Infusion                 Chrm           #...         100%        1    ##.....
 Song of Slaying          Chrm           #.......     100%        2    ###....
 Spectral Weapon          Hex/Chrm       #.......     100%        3    ####...
 Summon Lightning Spire   Summ/Air       #.......     100%        4    #####..
 Summon Guardian Golem    Hex/Summ       #.......     100%        3    ####...
 Hydra Form               Tmut           #.........   100%        6    #######
 Irradiate                Conj/Tmut      #.........   100%        5    ######.
 Gell's Gravitas          Tloc           #.........   100%        3    ####...
 Ignition                 Fire           #.........   100%        8    #######


Dungeon Overview and Level Annotations

Branches:
Dungeon (15/15)            Temple (1/1) D:4            Lair (6/6) D:8
 Shoals (0/4) Lair:4        Snake (3/4) Lair:4        Slime (0/5) Lair:6
    Orc (2/2) D:9             Elf (0/3) Orc:2        Vaults (0/5) D:14
 Depths (0/5) D:15

Altars:
Ashenzari
Cheibriados
Dithmenos
Elyvilon
Fedhas
Gozag
Hepliaklqana
Kikubaaqudgha
Makhleb
Nemelex Xobeh
Okawaru
Qazlal
Ru
Sif Muna
Trog
Uskayaw
Vehumet
Wu Jian
Xom
Yredelemnul
Zin
The Shining One

Shops:
Orc:2 ((!}   Snake:3 ([

Annotations:
Lair:1 exclusion: oklob plant
Lair:4 exclusion: player ghost
Snake:3 Louise


Innate Abilities, Weirdness & Mutations

You have razor-sharp teeth.
You heal very quickly.
When hurt, damage is shared between your health and your magic reserves.
Your bite disrupts and absorbs the magic of your enemies.
Potions cannot restore your health.
You are immune to rotting.
You are robust. (+10% HP)
Your movements are slightly less encumbered by armour. (ER -2)


Message History

You block the large abomination's attack.
A raiju comes into view.
You feel agile all of a sudden.
You block the thrashing horror's attack.
The thrashing horror completely misses you.
You block the large abomination's attack.
The thrashing horror misses you. The thrashing horror tramples you.
* * * LOW HITPOINT WARNING * * *
You hold your ground!
The yellow draconian barely misses you.
The soul eater draws from the surrounding life force!
* * * LOW HITPOINT WARNING * * *
You block the thrashing horror's attack.
The thrashing horror misses you. A chorus of shrieks assaults your mind.
* * * LOW HITPOINT WARNING * * *
You can no longer pass through a line of other dancers.
You block the thrashing horror's attack. x2
The yellow draconian throws acid at you.
The glob of acid hits you!
You die...

..4 ........#.. .. #h.
#K.# ..# ###
..##..##.(##.K(#..# ..
.......5......... h
... $.....K.#.# h# # .
#.. #3.##...# #.#.. #
#..##..##K.##K.## #
.#.
......X..dXXX..###.#..
. .......@.XtXX.#..
...# ..##..##..##..#.
#. . ### ##.##. ..#..
#..# . #
#.##....#......§ §
.... .. ..#?...#.
###.§§ .......####.##.
§# # ##. .x. .. ##.#.#
# . . . .... .§. . ...
. #.. .


You could see 4 starcursed masses, a yellow draconian, a soul eater, an
apocalypse crab, a thrashing horror, 2 large abominations, 2 kobold
demonologists, an iron imp (wandering), a long sword of holy wrath and a kobold.

Vanquished Creatures
  Vashnia (Snake:2)
  A lich (Abyss:5)
  2 tentacled starspawn (Abyss:5)
  Gastronok (Lair:1)
  A nagaraja (Snake:3)
  Roxanne (Snake:2)
  An azure jelly (shapeshifter) (D:15)
  An orc warlord (Orc:1)
  The ghost of Wuossin the Carver, a journeyman BaEn of Dithmenos (Lair:4)
  A white draconian (Abyss:5)
  The ghost of Feameang the Grappler, a journeyman TrFi of Jiyva (Lair:4)
  Azrael (Orc:2)
  An ettin (Orc:2)
  Snorg (Lair:3)
  A fire dragon (Lair:6)
  Josephine (Orc:2)
  2 ice dragons (IceCv)
  4 vault guards (D:14)
  9 hydras
  A naga warrior (Snake:3)
  A death knight (D:9)
  4 two-headed ogres
  A centaur warrior (D:15)
  3 anacondas
  A dancing weapon (Volcano)
  2 catoblepae
  8 naga sharpshooters
  2 shock serpents (Snake:3)
  Urug (Lair:3)
  6 thrashing horrors (Abyss:5)
  Nergalle (D:12)
  An orc high priest (Orc:1)
  3 large abominations (Abyss:5)
  Sonja (D:13)
  A deep elf knight (D:15)
  A wretched star (Abyss:5)
  A fire crab (Lair:5)
  3 unseen horrors
  2 skeletal warriors (D:9)
  A shadow wraith (Abyss:5)
  A swamp dragon (Abyss:3)
  5 wizards (Volcano)
  3 naga ritualists
  A phantasmal warrior (D:9)
  A lindwurm (Lair:6)
  A deep elf mage (D:15)
  4 orc sorcerers
  An oklob plant (Snake:3)
  5 ugly things
  3 orc knights
  4 salamanders
  A mana viper (Snake:1)
  5 cyclopes
  4 elephants (Lair:6)
  5 toenail golems (Volcano)
  2 centaur zombies
  2 guardian serpents
  Joseph (D:8)
  33 black mambas
  A torpor snail (Lair:3)
  2 ice statues (IceCv)
  A gargoyle (D:14)
  2 molten gargoyles (Lair:6)
  Maurice (D:11)
  7 naga magi
  3 merfolk sirens (Lair:4)
  A smoke demon (Abyss:5)
  9 spiny frogs
  A kobold demonologist (D:14)
  2 rime drakes (IceCv)
  2 efreet
  9 komodo dragons
  2 tengu conjurers
  An ancient zyme (Abyss:5)
  7 trolls
  5 tyrant leeches (Lair:3)
  A meliai (shapeshifter) (D:14)
  2 polar bears
  11 blink frogs
  Prince Ribbit (D:8)
  5 slime creatures (D:12)
  11 hippogriffs
  2 merfolk
  Grinder (D:4)
  2 meliai zombies
  4 hornets
  A shadow (Abyss:5)
  3 wyverns
  8 wraiths
  4 fire elementals (Orc:2)
  A chaos spawn (Abyss:5)
  38 yaks
  Grum (D:10)
  6 basilisks
  3 steam dragons
  Menkaure (D:7)
  6 vampire mosquitoes
  2 neqoxecs (Abyss:5)
  7 swamp worms (Lair:3)
  A spatial vortex (Abyss:3)
  4 hungry ghosts
  29 nagas
  2 soldier ants (D:11)
  3 wargs
  8 water moccasins
  2 acid dragons
  7 hell hounds
  7 porcupines
  4 small abominations
  38 orc warriors
  8 sky beasts
  17 ice beasts
  4 phantoms
  2 black bears
  3 starcursed masses (Abyss:5)
  5 necrophages (Lair:2)
  4 wolves (D:10)
  8 ogres
  9 crocodiles
  12 centaurs
  2 big kobolds
  24 bullfrogs
  2 wyvern zombies
  A wyvern skeleton (D:7)
  A water moccasin skeleton (D:5)
  3 scorpions
  3 killer bees (D:9)
  22 wights
  A howler monkey (D:5)
  An electric eel (Lair:1)
  3 crimson imps (D:6)
  5 lava snakes (Lair:6)
  A quasit (D:11)
  2 bullfrog zombies
  5 hounds
  3 centaur skeletons
  19 orc priests
  18 jellies
  14 orc wizards
  A bullfrog skeleton (D:11)
  2 iguanas
  18 worker ants
  3 worker ant zombies
  16 adders
  12 gnolls
  6 river rats (D:5)
  5 shadow imps
  3 oozes
  An adder zombie (D:9)
  4 worms
  A dart slug (D:4)
  4 leopard geckos
  81 orcs
  4 bats
  4 giant cockroaches
  7 goblins
  7 hobgoblins
  4 jackals (D:10)
  14 kobolds
  12 quokkas
  3 ball pythons
  7 frilled lizards
  A jackal skeleton (D:7)
  2 leopard gecko zombies
  22 rats
  A plant (D:13)
888 creatures vanquished.

Vanquished Creatures (collateral kills)
  A worldbinder (Abyss:5)
1 creature vanquished.

Vanquished Creatures (others)
  A glowing orange brain (Abyss:5)
  A goblin (D:3)
  2 fungi (Lair:2)
  5 plants
  10 starspawn tentacles (Abyss:5)
  6 withered plants (Lair:4)
25 creatures vanquished.

Grand Total: 914 creatures vanquished

Notes
Turn   | Place    | Note
-------+----------+-------------------------------------------
     0 | D:1      | Rathner the Vine Stalker Fighter began the quest for the Orb.
     0 | D:1      | Reached XP level 1. HP: 11/11 MP: 2/2
   355 | D:1      | Reached XP level 2. HP: 16/16 MP: 3/3
   956 | D:2      | Reached XP level 3. HP: 19/19 MP: 4/4
  1236 | D:2      | Reached skill level 1 in Stealth
  1236 | D:2      | Gained mutation: Your natural rate of healing is unusually fast. [Vine Stalker growth]
  1236 | D:2      | Reached XP level 4. HP: 23/23 MP: 5/5
  1541 | D:3      | Found a stormy altar of Qazlal.
  1547 | D:3      | Noticed Grinder
  1581 | D:3      | Noticed a phantom
  1599 | D:3      | Killed a phantom
  1599 | D:3      | Reached skill level 2 in Stealth
  1599 | D:3      | Reached XP level 5. HP: 26/28 MP: 6/6
  1615 | D:3      | Found a bloodstained altar of Trog.
  1660 | D:3      | Found a shimmering altar of Xom.
  1666 | D:3      | Found a shimmering altar of Xom.
  1667 | D:3      | Found a shimmering altar of Xom.
  1669 | D:3      | Found a shimmering altar of Xom.
  1776 | D:3      | Reached XP level 6. HP: 29/32 MP: 5/7
  2213 | D:4      | Found a staircase to the Ecumenical Temple.
  2288 | Temple   | Entered the Ecumenical Temple
  2305 | Temple   | Became a worshipper of Uskayaw the Reveler
  2407 | D:4      | Reached * piety under Uskayaw
  2461 | D:4      | Reached skill level 3 in Stealth
  2501 | D:4      | Reached ** piety under Uskayaw
  2503 | D:4      | Reached XP level 7. HP: 22/37 MP: 5/8
  2568 | D:4      | Reached *** piety under Uskayaw
  2571 | D:4      | Reached **** piety under Uskayaw
  2741 | D:4      | Paralysed by Grinder for 7 turns
  2819 | D:4      | Killed Grinder
  3123 | D:4      | Upgraded the game from 0.22-b1-59-g0aedee7 to 0.22.0
  3124 | D:5      | Entered Level 5 of the Dungeon
  3132 | D:5      | Reached skill level 5 in Short Blades
  3185 | D:5      | Reached skill level 4 in Stealth
  3358 | D:5      | Gained mutation: You have razor-sharp teeth. [Vine Stalker growth]
  3358 | D:5      | Reached XP level 8. HP: 42/42 MP: 9/9
  3446 | D:5      | You fall through a shaft for 3 floors!
  3527 | D:7      | Reached skill level 5 in Stealth
  3701 | D:7      | Noticed Menkaure
  3703 | D:7      | Noticed a hippogriff
  3713 | D:7      | Killed Menkaure
  3713 | D:7      | Reached skill level 1 in Throwing
  3722 | D:7      | Killed a hippogriff
  3793 | D:7      | Reached XP level 9. HP: 23/45 MP: 6/10
  3868 | D:7      | Reached ***** piety under Uskayaw
  4102 | D:6      | Reached skill level 1 in Invocations
  4151 | D:6      | Found a burning altar of Makhleb.
  5040 | D:5      | Reached XP level 10. HP: 43/49 MP: 10/13
  5542 | D:7      | Reached skill level 10 in Short Blades
  5842 | D:8      | Found a staircase to the Lair.
  6150 | D:8      | Noticed Prince Ribbit
  6150 | D:8      | Noticed Joseph
  6165 | D:8      | Killed Prince Ribbit
  6170 | D:8      | Killed Joseph
  6454 | D:9      | Reached skill level 5 in Invocations
  6481 | D:9      | Got a fine war axe
  6482 | D:9      | Identified the +2 war axe of Disgust {freeze, rC+ SInv} (You found it on level 9 of the Dungeon)
  6547 | D:9      | Noticed a phantasmal warrior
  6552 | D:9      | Noticed a death knight
  6558 | D:9      | Reached XP level 11. HP: 53/53 MP: 12/16
  6561 | D:9      | Reached skill level 5 in Shields
  6564 | D:9      | Killed a phantasmal warrior
  6566 | D:9      | Noticed a skeletal warrior
  6574 | D:9      | Noticed a skeletal warrior
  6599 | D:9      | Killed a death knight
  6604 | D:9      | Reached ****** piety under Uskayaw
  6619 | D:9      | Killed a skeletal warrior
  6687 | D:9      | Killed a skeletal warrior
  6882 | D:9      | Reached skill level 5 in Fighting
  6891 | D:9      | Found a staircase to the Orcish Mines.
  7273 | D:10     | Entered Level 10 of the Dungeon
  7318 | D:10     | Noticed a two-headed ogre
  7322 | D:9      | Found a hazy altar of Hepliaklqana.
  7322 | D:9      | Found a glowing golden altar of the Shining One.
  7328 | D:9      | Killed a two-headed ogre
  7328 | D:9      | Reached skill level 1 in Dodging
  7469 | D:10     | Noticed an unseen horror
  7500 | D:10     | Killed an unseen horror
  7629 | D:10     | Noticed Grum
  7647 | D:10     | Killed Grum
  7660 | D:10     | Reached skill level 5 in Armour
  7666 | D:10     | Gained mutation: You heal very quickly. [Vine Stalker growth]
  7666 | D:10     | Reached XP level 12. HP: 47/60 MP: 18/18
  9336 | D:11     | Noticed Maurice
  9350 | D:11     | Killed Maurice
  9579 | D:12     | Reached skill level 6 in Stealth
  9683 | D:12     | Noticed Nergalle
  9702 | D:12     | Killed Nergalle
  9702 | D:12     | Reached skill level 7 in Stealth
  9718 | D:12     | Reached skill level 8 in Stealth
  9719 | D:12     | Found an ornate altar of the Wu Jian Council.
 10000 | D:12     | Reached skill level 9 in Stealth
 10071 | D:12     | Identified a scroll of acquirement
 10104 | D:12     | Got a shimmering golden ring
 10106 | D:12     | Identified the ring of Lies {rN+ EV+5 Dex+4} (You acquired it on level 12 of the Dungeon)
 10237 | D:12     | Noticed a five-headed hydra
 10428 | D:13     | Noticed Sonja
 10456 | D:13     | Reached skill level 10 in Stealth
 10459 | D:13     | Killed Sonja
 10579 | D:13     | Noticed a catoblepas
 10597 | D:13     | Reached XP level 13. HP: 67/67 MP: 20/20
 10640 | D:13     | Reached skill level 11 in Stealth
 10773 | D:13     | Reached skill level 12 in Stealth
 11485 | Lair:1   | Entered Level 1 of the Lair of Beasts
 11553 | Lair:1   | Noticed Gastronok
 11573 | Lair:1   | Killed Gastronok
 11573 | Lair:1   | Reached skill level 13 in Stealth
 12556 | Lair:2   | Reached skill level 14 in Stealth
 13163 | Lair:3   | Reached skill level 15 in Stealth
 13517 | Lair:3   | Noticed Snorg
 13520 | Lair:3   | Noticed Urug
 13527 | Lair:3   | Killed Snorg
 13548 | Lair:3   | Killed Urug
 13962 | Lair:3   | Got a faintly glowing glass ring
 14057 | Lair:3   | Identified the ring "Jairr" {*Contam +Inv rPois SInv Stlth+} (You found it on level 3 of the Lair of Beasts)
 14091 | Lair:4   | Found a runed gate.
 14091 | Lair:4   | Found a runed gate.
 14091 | Lair:4   | Found a runed gate.
 14099 | Lair:4   | Noticed Wuossin's ghost (journeyman BaEn)
 14100 | Lair:4   | Noticed Feameang's ghost (journeyman TrFi)
 14217 | Lair:4   | Reached XP level 14. HP: 42/72 MP: 18/22
 14410 | Lair:4   | Found a staircase to the Shoals.
 14661 | Lair:4   | Found a staircase to the Snake Pit.
 15057 | Lair:4   | Killed Feameang's ghost
 15070 | Lair:4   | Killed Wuossin's ghost
 15075 | Lair:4   | Got a scintillating jade amulet
 15084 | Lair:4   | Identified the amulet of Fomajosi {RegenMP rC+ rN+ MP+9 SInv} (You found it on level 4 of the Lair of Beasts)
 15089 | Lair:4   | Gained mutation: You have supernaturally acute eyesight. (SInv) [potion of mutation]
 15089 | Lair:4   | Gained mutation: Your spells are a little easier to cast, but a little less powerful. [potion of mutation]
 15089 | Lair:4   | Gained mutation: You tend to lose your temper in combat. [potion of mutation]
 15089 | Lair:4   | Gained mutation: You are somewhat resistant to further mutation. [potion of mutation]
 15090 | Lair:4   | Lost mutation: Your spells are a little easier to cast, but a little less powerful. [potion of mutation]
 15090 | Lair:4   | Lost mutation: You tend to lose your temper in combat. [potion of mutation]
 15090 | Lair:4   | Gained mutation: You have an increased reservoir of magic. (+10% MP) [potion of mutation]
 15090 | Lair:4   | Gained mutation: Your muscles are strong. (Str +2) [potion of mutation]
 15209 | Lair:4   | Lost mutation: You have supernaturally acute eyesight. (SInv) [potion of mutation]
 15209 | Lair:4   | Lost mutation: Your muscles are strong. (Str +2) [potion of mutation]
 16049 | Lair:6   | Entered Level 6 of the Lair of Beasts
 16065 | Lair:6   | Reached skill level 10 in Fighting
 16138 | Lair:6   | Found a staircase to the Slime Pits.
 16277 | Lair:6   | Reached skill level 16 in Stealth
 16309 | Lair:6   | Found a large runed door.
 16309 | Lair:6   | Found a large runed door.
 16545 | Lair:6   | Reached skill level 10 in Invocations
 16792 | Lair:6   | Reached skill level 17 in Stealth
 16980 | Lair:6   | Reached XP level 15. HP: 80/80 MP: 25/25
 17874 | D:14     | Found a gate to the Vaults.
 17886 | D:14     | Reached skill level 18 in Stealth
 18090 | D:14     | Got a twisted leather armour
 18101 | D:14     | Identified the +1 leather armour of Nulyoxe {Slay+2} (You found it on level 14 of the Dungeon)
 18643 | D:15     | Entered Level 15 of the Dungeon
 18764 | D:15     | Paralysed by a floating eye for 3 turns
 18803 | D:15     | Reached skill level 19 in Stealth
 19095 | D:15     | Noticed an azure jelly
 19095 | D:15     | a four-headed hydra changed into an azure jelly
 19107 | D:15     | Killed an azure jelly
 19140 | D:15     | Found a staircase to the Depths.
 19831 | Orc:1    | Entered Level 1 of the Orcish Mines
 19881 | Orc:1    | Reached skill level 20 in Stealth
 20052 | Orc:1    | Found a frozen archway.
 20100 | IceCv    | Entered an ice cave
 20575 | Orc:1    | Noticed an orc warlord
 20641 | Orc:1    | Killed an orc warlord
 20975 | Orc:2    | Entered Level 2 of the Orcish Mines
 21118 | Orc:2    | Noticed Azrael
 21150 | Orc:2    | Killed Azrael
 21393 | Orc:2    | Found a dark tunnel.
 21408 | Volcano  | Entered a volcano
 21425 | Volcano  | Reached XP level 16. HP: 85/85 MP: 27/27
 21452 | Volcano  | Reached skill level 21 in Stealth
 21765 | Orc:2    | Noticed Josephine
 21781 | Orc:2    | Killed Josephine
 21810 | Orc:2    | Found a staircase to the Elven Halls.
 21904 | Orc:2    | Found Kumen's Distillery.
 21904 | Orc:2    | Found Faohiv's Antique Weapon Shop.
 21936 | Orc:2    | HP: 2/85 [orc warrior/war axe (14)]
 22047 | Orc:2    | Found Huacsep's Gadget Emporium.
 22049 | Orc:2    | Found Ulyuff's Weapon Boutique.
 22061 | Orc:2    | Bought a potion of mutation for 112 gold pieces
 22063 | Orc:2    | Bought a wand of digging (8) for 288 gold pieces
 22066 | Orc:2    | Lost mutation: You are somewhat resistant to further mutation. [potion of mutation]
 22066 | Orc:2    | Lost mutation: You have an increased reservoir of magic. (+10% MP) [potion of mutation]
 22066 | Orc:2    | Gained mutation: You are robust. (+10% HP) [potion of mutation]
 22066 | Orc:2    | Gained mutation: Your movements are slightly less encumbered by armour. (ER -2) [potion of mutation]
 22945 | Snake:1  | Entered Level 1 of the Snake Pit
 23165 | Snake:1  | Reached skill level 22 in Stealth
 23181 | Snake:1  | You fall through a shaft!
 23693 | Snake:2  | Noticed Roxanne
 23732 | Snake:2  | Noticed Vashnia
 23790 | Snake:2  | Killed Vashnia
 23790 | Snake:2  | Reached skill level 23 in Stealth
 24422 | Snake:2  | Killed Roxanne
 24752 | Snake:3  | Found Ehanud's Armour Shop.
 24752 | Snake:3  | Found Duiganeof's Weapon Boutique.
 24852 | Snake:3  | Bought the cursed +0 cloak of Deroutt {rPois rF+ Str+3} for 260 gold pieces
 24918 | Snake:3  | Noticed a nagaraja
 24931 | Snake:3  | Reached XP level 17. HP: 56/97 MP: 24/26
 25033 | Snake:3  | Found an ancient bone altar of Kikubaaqudgha.
 25073 | Snake:3  | Reached skill level 24 in Stealth
 25073 | Snake:3  | Noticed Louise
 25081 | Snake:3  | Cast into level 3 of the Abyss (Louise)
 25081 | Abyss:3  | Found a corrupted altar of Lugonu.
 25160 | Abyss:3  | Found a viscous altar of Jiyva.
 25240 | Abyss:3  | Noticed a tentacled starspawn
 25297 | Abyss:4  | Found a corrupted altar of Lugonu.
 25350 | Abyss:4  | Noticed a tentacled starspawn
 25355 | Abyss:4  | Noticed a tentacled starspawn
 25357 | Abyss:4  | Noticed a lich
 25366 | Abyss:5  | Entered Level 5 of the Abyss
 25452 | Abyss:5  | Noticed a tentacled starspawn
 25477 | Abyss:5  | Noticed a tentacled starspawn
 25501 | Abyss:5  | Killed a tentacled starspawn
 25513 | Abyss:5  | Noticed a tentacled starspawn
 25531 | Abyss:5  | Noticed a lich
 25565 | Abyss:5  | Noticed a Hell Sentinel
 25572 | Abyss:5  | Noticed a tentacled starspawn
 25589 | Abyss:5  | Killed a tentacled starspawn
 25598 | Abyss:5  | Killed a lich
 25613 | Abyss:5  | Paralysed by accursed screaming for 2 turns
 25643 | Abyss:5  | Noticed a tentacled starspawn
 25713 | Abyss:5  | HP: 3/97 [starcursed mass/accursed screaming (4)]
 25714 | Abyss:5  | Killed from afar by a yellow draconian

Skill      XL: |  1  2  3  4  5  6  7  8  9 10 11 12 13 14 15 16 17 |
---------------+----------------------------------------------------+-----
Short Blades   | 2 3 4 5 7 9 12 | 12.0
Shields        | 3 4 6 7 |  7.2
Stealth        | 1 2 3 4 5 10 15 17 20 23 24 | 24.9
Fighting       | 3 5 7 10 | 10.1
Armour         | 3 5 |  5.6
Throwing       | 1 |  1.7
Invocations    | 3 5 7 9 10 11 | 11.0
Dodging        | 1 |  1.5

Action                   |  1- 3 |  4- 6 |  7- 9 | 10-12 | 13-15 | 16-18 || total
-------------------------+-------+-------+-------+-------+-------+-------++-------
Melee: Rapier            |    86 |   128 |   109 |       |       |       ||   323
       Bite              |    27 |    37 |   132 |   345 |   611 |   354 ||  1506
       Short sword       |       |       |   273 |   835 |  1265 |   674 ||  3047
Throw: Javelin           |       |     3 |     9 |    10 |     1 |       ||    23
       Tomahawk          |       |       |       |    13 |    20 |     1 ||    34
Invok: Stomp             |       |     2 |    19 |    11 |    10 |     5 ||    47
       Line Pass         |       |       |     5 |     7 |       |       ||    12
       Grand Finale      |       |       |       |       |       |     2 ||     2
 Abil: Stop Flying       |       |       |       |     1 |     2 |       ||     3
       Evoke Flight      |       |       |       |       |     2 |       ||     2
       Evoke Invisibilit |       |       |       |       |       |     5 ||     5
  Use: Scroll            |       |     5 |     4 |    15 |    10 |    11 ||    45
       Potion            |       |       |       |     4 |     4 |     5 ||    13
 Stab: Paralysed         |       |       |    10 |    53 |    77 |    57 ||   197
       Confused          |       |       |       |     6 |       |       ||     6
       Sleeping          |       |       |       |       |    44 |     8 ||    52
       Distracted        |       |       |       |       |     2 |     5 ||     7
  Eat: Chunk             |       |     4 |    10 |    15 |    13 |     2 ||    44
       Ration            |       |     1 |     1 |     2 |     8 |     4 ||    16
Armor: Scale mail        |    10 |       |       |       |   131 |       ||   141
       Chain mail        |    14 |    41 |   135 |   148 |    36 |       ||   374
       Skin              |       |       |       |     4 |       |       ||     4
       Plate armour      |       |       |       |       |    12 |   154 ||   166
Dodge: Dodged            |    16 |    22 |    30 |    96 |   243 |   106 ||   513
Block: Shield            |    62 |    78 |   219 |   296 |   347 |     8 ||  1010
       Reflection        |     1 |     6 |     2 |    11 |       |       ||    20
       Large shield      |       |       |       |       |       |   404 ||   404
